 Dungeon Crawl Stone Soup version 0.22-a0-848-ge9e22a0 (webtiles) character file.

20790 Mgcat the Grappler (level 12, -6/111 HPs)
             Began as a Troll Transmuter on July 26, 2018.
             Was an Elder of Elyvilon.
             Mangled by a minotaur
             ... wielding a +4 scimitar of holy wrath
              (36 damage)
             ... in a labyrinth.
             The game lasted 00:52:25 (13055 turns).

Mgcat the Grappler (Troll Transmuter)              Turns: 13055, Time: 00:52:26

Health: -6/111     AC: 10    Str: 21    XL:     12   Next: 48%
Magic:  12/14      EV: 13    Int: 17    God:    Elyvilon [****..]
Gold:   922        SH:  0    Dex: 10    Spells: 2/13 levels left

rFire    . . .     SeeInvis .     - Unarmed
rCold    . . .     Gourm    +   (no shield)
rNeg     . . .     Faith    .   b - +2 robe
rPois    .         Spirit   .   G - +2 hat
rElec    .         Reflect  .   B - +0 cloak
rCorr    .         Harm     .   (gloves unavailable)
MR       .....                  (boots unavailable)
Stlth    +.........             I - amulet of regeneration {+regen, !d}
HPRegen  1.08/turn              s - +2 ring of evasion
MPRegen  0.14/turn              z - +4 ring of intelligence

@: confused, appendage, hasted, very quick
A: large, unfitting armour, claws 3, horns 2, fast metabolism 3, gourmand,
regeneration 1, shaggy fur 1, tough skin 2
a: End Transformation, Lesser Healing, Heal Other, Purification, Greater
Healing, Divine Protection, Renounce Religion


You were in a labyrinth.
You worshipped Elyvilon.
Elyvilon was greatly pleased with you.
You were not hungry.
You had grown temporary horns.
You visited 2 branches of the dungeon, and saw 14 of its levels.
You also visited: Labyrinth and Sewer.

You collected 922 gold pieces.

Inventory:

Missiles
 a - 253 arrows
 A - 9 throwing nets {=f, !d}
Armour
 b - a +2 robe (worn)
 B - a +0 cloak (worn)
   (You found it on level 9 of the Dungeon)
 G - a +2 hat (worn)
   (You took it off Gastronok on level 2 of the Lair of Beasts)
Magical Staves
 u - an uncursed staff of fire {rF+}
   (You found it on level 1 of the Lair of Beasts)
Jewellery
 g - an uncursed amulet of the acrobat
   (You found it on level 1 of the Dungeon)
 h - an uncursed ring of flight {+Fly, !d}
   (You found it on level 1 of the Dungeon)
 i - an uncursed ring of protection from fire {rF+, !d}
   (You found it on level 1 of the Dungeon)
 j - an uncursed ring of protection from cold {rC+, !d}
   (You found it on level 10 of the Dungeon)
 n - an uncursed ring of magical power {MP+9}
   (You found it on level 5 of the Dungeon)
 s - a +2 ring of evasion (left claw)
   (You found it on level 7 of the Dungeon)
 y - an uncursed ring of resist corrosion
   (You found it on level 7 of the Dungeon)
 z - a +4 ring of intelligence (right claw)
   (You found it on level 3 of the Lair of Beasts)
 C - an uncursed amulet of guardian spirit {Spirit}
   (You found it on level 8 of the Dungeon)
 I - an amulet of regeneration (around neck) {+regen, !d}
   (You found it on level 2 of the Lair of Beasts)
Wands
 f - a wand of enslavement (9)
   (You found it on level 10 of the Dungeon)
 v - a wand of flame (19)
   (You took it off an orc priest on level 3 of the Dungeon)
 F - a wand of iceblast (7)
   (You found it on level 2 of the Lair of Beasts)
Scrolls
 k - 3 scrolls of remove curse
 q - 5 scrolls of teleportation
 x - 4 scrolls of amnesia
Potions
 c - a potion of resistance
 e - 4 potions of flight
 m - a potion of ambrosia
 o - a potion of cancellation {unknown}
 p - a potion of degeneration {unknown}
 r - 5 potions of brilliance
 t - a potion of mutation {!q}
 w - 6 potions of curing
 E - a potion of berserk rage {unknown}
 H - a potion of magic {unknown}
Comestibles
 d - 33 rations


   Skills:
 - Level 5.0 Fighting
 - Level 5.0 Dodging
 + Level 13.5 Unarmed Combat
 - Level 1.2 Spellcasting
 + Level 8.6 Transmutations
 - Level 3.0 Air Magic
 - Level 3.0 Poison Magic
 - Level 5.0 Invocations


You had 2 spell levels left.
You knew the following spells:

 Your Spells              Type           Power        Failure   Level  Hunger
a - Beastly Appendage     Tmut           ####..       1%          1    ##.....
b - Blade Hands           Tmut           ####......   17%         5    ######.
c - Poisonous Vapours     Pois/Air       ##....       10%         2    ###....
d - Spider Form           Tmut/Pois      ###.......   6%          3    ####...

Your spell library contained the following spells:

 Spells                   Type           Power        Failure   Level  Hunger
 Mephitic Cloud           Conj/Pois/Air  #.......     28%         3    ####...
 Venom Bolt               Conj/Pois      #.........   97%         5    ######.
 Olgreb's Toxic Radiance  Pois           ##......     52%         4    #####..
 Animate Dead             Necr           N/A          91%         4    #####..
 Pain                     Necr           #...         22%         1    ##.....
 Animate Skeleton         Necr           N/A          22%         1    ##.....
 Vampiric Draining        Necr           #.........   54%         3    ####...
 Regeneration             Chrm/Necr      #.........   54%         3    ####...
 Sting                    Conj/Pois      #...         12%         1    ##.....
 Ice Form                 Ice/Tmut       ###.....     34%         4    #####..
 Sticks to Snakes         Tmut           ####....     1%          2    ###....


Dungeon Overview and Level Annotations

Branches:
Dungeon (11/15)            Temple (0/1) D:7            Lair (3/6) D:9
 Shoals (0/4) Lair:3        Snake (0/4) Lair:2          Orc (0/2) D:9

Altars:
Ashenzari
Cheibriados
Dithmenos
Elyvilon
Hepliaklqana
Kikubaaqudgha
Sif Muna
Trog
Wu Jian
Xom
Yredelemnul
Zin
The Shining One
Beogh

Shops:
D:6 *   D:10 :

Annotations:
D:5 2 transporters, Cefor's ghost, amateur MiFi
Lair:1 Erica


Innate Abilities, Weirdness & Mutations

You are too large for most types of armour.
You have claws for hands.
Your metabolism is lightning-fast.
You like to eat raw meat.
Your natural rate of healing is unusually fast.
You are covered in fur. (AC +1)
You have very tough skin. (AC +2)
You have a pair of horns on your head.


Message History

The hungry ghost is severely damaged.
You barely miss the hungry ghost. Your claw misses the hungry ghost.
The hungry ghost is severely damaged.
The hungry ghost hits you.
You feel somewhat more hungry.
You scratch the hungry ghost. Your kick misses the hungry ghost.
The hungry ghost is severely damaged.
The hungry ghost barely misses you.
You miss the hungry ghost. Your kick misses the hungry ghost.
The hungry ghost is severely damaged.
The hungry ghost hits you.
You are starving!
You miss the hungry ghost. Your kick misses the hungry ghost.
The hungry ghost is severely damaged.
You closely miss the hungry ghost. Your kick misses the hungry ghost.
The hungry ghost is severely damaged.
The hungry ghost hits you.
You feel somewhat more hungry.
You closely miss the hungry ghost. Your kick misses the hungry ghost.
The hungry ghost is severely damaged.
The hungry ghost hits you.
You are fainting from starvation!
You barely miss the hungry ghost. Your kick misses the hungry ghost.
The hungry ghost is severely damaged.
The hungry ghost hits you.
You feel slightly more hungry.
You mangle the hungry ghost!!
You destroy the hungry ghost!
You lose consciousness!
Your transformation is almost over.
You can move again.
Unknown command.
Unknown command.
You eat one of the 36 rations.
That ration really hit the spot!
You eat one of the 35 rations.
That ration really hit the spot!
Your talons disappear.
A hungry ghost comes into view.
You claw the hungry ghost!
The hungry ghost is heavily damaged.
The hungry ghost hits you.
You feel a lot more hungry.
You barely miss the hungry ghost.
The hungry ghost is heavily damaged.
The hungry ghost hits you.
You feel a lot more hungry.
You miss the hungry ghost.
The hungry ghost is heavily damaged.
The hungry ghost closely misses you.
You miss the hungry ghost.
The hungry ghost is heavily damaged.
You claw the hungry ghost!
The hungry ghost is severely damaged.
The hungry ghost barely misses you.
You miss the hungry ghost.
The hungry ghost is severely damaged.
The hungry ghost hits you.
You feel a lot more hungry.
You miss the hungry ghost. Your claw misses the hungry ghost.
The hungry ghost is severely damaged.
The hungry ghost hits you.
You are feeling hungry.
You mangle the hungry ghost!!
You destroy the hungry ghost!
You are feeling very hungry.
You hear the creaking of ancient gears!
You eat one of the 34 rations.
That ration really hit the spot!
You open the door.
A minotaur comes into view.
It is wielding a scimitar of holy wrath.
Found a bone wand.
Found an escape hatch in the ceiling.
Casting: Beastly Appendage (safe; 1% risk of failure)
Confirm with . or Enter, or press ? or * to list all spells.
Aiming: Poisonous Vapours (safe; 10% risk of failure)
Press: ? - help, Dir - move target cursor, f - minotaur
Aim: a minotaur, wielding a scimitar of holy wrath and wearing a chain mail (hasn't noticed you) Poisonous vapours surround the minotaur!
The minotaur bellows!
The minotaur is poisoned.
You close the door.
Unknown command.
Unknown command.
Unknown command.
Unknown command.
Casting: Poisonous Vapours (safe; 10% risk of failure)
Confirm with . or Enter, or press ? or * to list all spells.
You grow a pair of large bovine horns.
A minotaur opens the door.
Casting: Beastly Appendage (safe; 1% risk of failure)
Confirm with . or Enter, or press ? or * to list all spells.
Aiming: Poisonous Vapours (safe; 10% risk of failure)
Press: ? - help, Dir - move target cursor, f/p - minotaur
Aim: a minotaur, wielding a scimitar of holy wrath and wearing a chain mail (poisoned) Poisonous vapours surround the minotaur!
The minotaur is engulfed in poison gas.
The minotaur looks even sicker.
The minotaur throws a javelin of returning.
The javelin of returning hits you!!!
The weapon returns to the minotaur!
The minotaur hits you with a scimitar of holy wrath!!
The minotaur gores you!
There is an open door, spattered with blood here.
You scratch the minotaur. You headbutt the minotaur.
The minotaur is lightly wounded.
You feel yourself speed up. The minotaur misses you. The minotaur gores you!
* * * LOW HITPOINT WARNING * * *
You are confused.
You feel invigorated.
The minotaur hits you with a scimitar of holy wrath!!!
You die...

# .# . .# .#.#
...# ###..###
#≈ #.#....#
#≈≈.#.#..#
#≈<..H@..#
#≈≈.#.#.## #.
#≈ #.#......# #
####.######
.......... ...#
#####.#####.#.#
.. #.... # #.
#.#### ## .. #.
... ..


You could see a minotaur.

Vanquished Creatures
  Gastronok (Lair:2)
  Harold (Lair:2)
  A hydra (Lair:3)
  2 two-headed ogres (D:11)
  A tengu warrior (D:10)
  Nergalle (D:11)
  An unseen horror (Lab)
  An ugly thing (D:11)
  3 spiny frogs
  A black mamba (Lair:1)
  A komodo dragon (Lair:1)
  A queen bee (Lair:2)
  2 trolls (D:10)
  Prince Ribbit (Lair:1)
  A hippogriff (D:11)
  2 blink frogs (Lair:1)
  A wyvern (D:10)
  13 yaks
  5 hungry ghosts
  3 nagas (Lair:2)
  3 water moccasins
  2 porcupines
  4 ice beasts
  2 sky beasts (D:11)
  7 orc warriors
  3 black bears
  3 phantoms
  A necrophage (D:8)
  5 ogres
  4 centaurs
  4 crocodiles
  4 big kobolds
  7 bullfrogs
  A gnoll sergeant (D:9)
  8 scorpions
  34 killer bees
  7 wights
  A bullfrog zombie (D:7)
  3 electric eels (D:10)
  5 crimson imps
  2 bullfrog skeletons
  7 hounds
  An iron imp (D:6)
  A gnoll shaman (D:7)
  12 orc priests
  A jelly (D:6)
  12 orc wizards
  4 centaur skeletons
  4 iguanas
  Natasha (thrice) (D:4)
  7 worker ants
  A killer bee zombie (D:7)
  A howler monkey skeleton (D:11)
  13 gnolls
  10 adders
  4 river rats
  3 shadow imps
  2 oozes
  2 dart slugs
  5 leopard geckos
  61 orcs
  12 giant cockroaches
  3 goblins
  7 hobgoblins
  15 jackals
  25 kobolds
  A quokka (D:3)
  3 ball pythons
  2 bats (D:3)
  6 frilled lizards
  2 leopard gecko skeletons
  11 rats
394 creatures vanquished.

Vanquished Creatures (others)
  A quokka (D:3)
  A fungus (Lair:1)
  5 plants
7 creatures vanquished.

Grand Total: 401 creatures vanquished

Notes
Turn   | Place    | Note
-------+----------+-------------------------------------------
     0 | D:1      | Mgcat the Troll Transmuter began the quest for the Orb.
     0 | D:1      | Reached XP level 1. HP: 18/18 MP: 1/1
    90 | D:1      | Reached skill level 1 in Fighting
    99 | D:1      | Reached skill level 2 in Dodging
    99 | D:1      | Reached XP level 2. HP: 27/27 MP: 0/2
   526 | D:2      | Reached XP level 3. HP: 29/33 MP: 1/3
   605 | D:2      | Reached skill level 2 in Fighting
   957 | D:2      | Reached XP level 4. HP: 23/42 MP: 2/4
  1034 | D:2      | Found a glowing silver altar of Zin.
  1074 | D:3      | Reached skill level 4 in Unarmed Combat
  1188 | D:3      | Found a hazy altar of Hepliaklqana.
  1371 | D:3      | Reached XP level 5. HP: 42/52 MP: 2/5
  1443 | D:3      | Reached skill level 3 in Fighting
  1486 | D:3      | Found a white marble altar of Elyvilon.
  2006 | D:4      | Reached skill level 5 in Unarmed Combat
  2019 | D:4      | Reached XP level 6. HP: 45/61 MP: 4/6
  2057 | D:4      | Reached skill level 6 in Unarmed Combat
  2146 | D:4      | Found a glowing drain.
  2191 | Sewer    | Entered a sewer
  2309 | Sewer    | Found a white marble altar of Elyvilon.
  2378 | Sewer    | Became a worshipper of Elyvilon the Healer
  2499 | D:4      | Reached skill level 7 in Unarmed Combat
  2499 | D:4      | Reached XP level 7. HP: 56/67 MP: 7/7
  2540 | D:4      | Noticed Natasha
  2555 | D:4      | Killed Natasha
  2589 | D:4      | Noticed Natasha
  2592 | D:4      | Killed Natasha
  2614 | D:4      | Found a shimmering altar of Xom.
  2614 | D:4      | Found a shadowy altar of Dithmenos.
  2615 | D:4      | Found a deep blue altar of Sif Muna.
  2792 | D:4      | Reached skill level 8 in Unarmed Combat
  2969 | D:4      | Noticed Natasha
  2987 | D:4      | Killed Natasha
  3047 | D:4      | Found an ornate altar of the Wu Jian Council.
  3216 | D:4      | Learned a level 5 spell: Blade Hands
  3235 | D:5      | Entered Level 5 of the Dungeon
  3236 | D:5      | Reached * piety under Elyvilon
  3242 | D:5      | Found a transporter.
  3322 | D:5      | Reached XP level 8. HP: 64/75 MP: 6/8
  3354 | D:5      | Noticed Cefor's ghost (amateur MiFi)
  3393 | D:5      | Found a transporter.
  3480 | D:5      | Found a shattered altar of Ashenzari.
  3557 | D:5      | Found an ancient bone altar of Kikubaaqudgha.
  3600 | D:5      | Found a bloodstained altar of Trog.
  3784 | D:5      | Reached skill level 2 in Transmutations
  3831 | D:6      | Reached skill level 9 in Unarmed Combat
  3903 | D:6      | Reached ** piety under Elyvilon
  3933 | D:6      | Found a snail-covered altar of Cheibriados.
  3991 | D:6      | Reached skill level 3 in Dodging
  4102 | D:6      | Reached skill level 4 in Fighting
  4175 | D:6      | Found Deyrotwa's General Store.
  4308 | D:6      | Reached skill level 3 in Transmutations
  4349 | D:6      | Reached XP level 9. HP: 85/85 MP: 7/9
  4891 | D:7      | Reached skill level 4 in Dodging
  4918 | D:7      | Found a staircase to the Ecumenical Temple.
  5088 | D:7      | Reached *** piety under Elyvilon
  5173 | D:7      | Reached skill level 5 in Fighting
  5702 | D:8      | Reached skill level 10 in Unarmed Combat
  5702 | D:8      | Reached skill level 4 in Transmutations
  5939 | D:8      | Found a basalt altar of Yredelemnul.
  6141 | D:8      | Reached skill level 5 in Dodging
  6255 | D:8      | Reached **** piety under Elyvilon
  6509 | D:9      | Reached XP level 10. HP: 74/96 MP: 8/10
  6636 | D:9      | Found a staircase to the Orcish Mines.
  6650 | D:9      | Found a staircase to the Lair.
  6705 | D:9      | Found a glowing golden altar of the Shining One.
  6786 | D:9      | Learned a level 2 spell: Poisonous Vapours
  6853 | D:9      | Found a roughly hewn altar of Beogh.
  6968 | D:9      | Reached skill level 5 in Transmutations
  7111 | D:9      | Reached skill level 1 in Invocations
  7372 | D:10     | Entered Level 10 of the Dungeon
  7402 | D:10     | Reached ***** piety under Elyvilon
  7442 | D:10     | Reached skill level 1 in Air Magic
  7442 | D:10     | Reached skill level 1 in Poison Magic
  7558 | D:10     | Reached skill level 2 in Invocations
  7596 | D:10     | HP: 22/96 [troll (6)]
  7601 | D:10     | HP: 12/96 [troll (10)]
  7631 | D:10     | HP: 20/96 [orc wizard/magic dart (5)]
  7637 | D:10     | HP: 19/96 [orc wizard/magic dart (2)]
  7644 | D:10     | HP: 20/96 [orc wizard/magic dart (3)]
  7935 | D:10     | Found Zyhumiceseg's Book Shoppe.
  8015 | D:10     | HP: 23/96 [electric eel/bolt of electricity (9)]
  8016 | D:10     | HP: 5/96 [electric eel/bolt of electricity (12)]
  8154 | D:10     | Noticed a tengu warrior
  8173 | D:9      | Reached skill level 11 in Unarmed Combat
  8343 | D:10     | Killed a tengu warrior
  8343 | D:10     | Reached skill level 2 in Air Magic
  8343 | D:10     | Reached skill level 2 in Poison Magic
  8545 | D:10     | Reached skill level 3 in Invocations
  8789 | D:11     | Noticed a two-headed ogre
  8805 | D:11     | Killed a two-headed ogre
  8805 | D:11     | Reached XP level 11. HP: 45/102 MP: 6/12
  9042 | D:11     | Noticed a purple ugly thing
  9063 | D:11     | Killed a green ugly thing
  9160 | D:11     | Reached skill level 6 in Transmutations
  9160 | D:11     | Reached skill level 3 in Poison Magic
  9469 | D:11     | Reached skill level 4 in Invocations
  9483 | D:11     | Reached skill level 3 in Air Magic
  9572 | D:11     | Noticed a two-headed ogre
  9581 | D:11     | Killed a two-headed ogre
  9757 | D:11     | Noticed Nergalle
  9768 | D:11     | Killed Nergalle
  9891 | Lair:1   | Entered Level 1 of the Lair of Beasts
 10179 | Lair:1   | Reached skill level 5 in Invocations
 10199 | Lair:1   | Noticed Prince Ribbit
 10220 | Lair:1   | Killed Prince Ribbit
 10269 | Lair:1   | Reached skill level 12 in Unarmed Combat
 10372 | Lair:1   | Noticed Erica
 10400 | Lair:1   | HP: 22/102 [something (10)]
 10401 | Lair:1   | HP: 8/102 [something (4)]
 10407 | Lair:1   | HP: 18/102 [something/bolt of poison (25)]
 10649 | Lair:2   | Reached skill level 7 in Transmutations
 10660 | Lair:2   | HP: 25/102 [poisoned by a spiny frog]
 10665 | Lair:2   | HP: 24/102 [poisoned by a spiny frog]
 10670 | Lair:2   | HP: 22/102 [poisoned by a spiny frog]
 10676 | Lair:2   | HP: 23/102 [poisoned by a spiny frog]
 10684 | Lair:2   | HP: 25/102 [poisoned by a spiny frog]
 10807 | Lair:2   | Noticed Gastronok
 10834 | Lair:2   | Killed Gastronok
 10944 | Lair:2   | Reached XP level 12. HP: 70/111 MP: 9/14
 11035 | Lair:2   | Found a staircase to the Snake Pit.
 11165 | Lair:2   | Noticed Harold
 11181 | Lair:2   | Killed Harold
 11237 | Lair:2   | HP: 26/111 [killer bee (13)]
 11242 | Lair:2   | HP: 22/111 [poisoned by a killer bee]
 11330 | Lair:2   | Reached skill level 8 in Transmutations
 11486 | Lair:2   | Reached skill level 13 in Unarmed Combat
 12514 | Lair:1   | Learned a level 3 spell: Spider Form
 12589 | Lair:3   | Noticed a five-headed hydra
 12598 | Lair:3   | HP: 18/111 [five-headed hydra (10)]
 12600 | Lair:3   | Killed a five-headed hydra
 12717 | Lair:3   | Found a labyrinth entrance.
 12726 | Lab      | Entered a labyrinth
 12978 | Lab      | Paralysed by fainting for 7 turns
 13046 | Lab      | Noticed a minotaur
 13054 | Lab      | HP: 27/111 [minotaur/scimitar of holy wrath (9)]
 13055 | Lab      | Mangled by a minotaur

Vault maps used:
D:1:      co_arrival_square_in_a_square_in_a_square, serial_bayou_lake_a
D:2:      zin_statuary, first_ration
D:3:      elyvilon_altar_4, old_standard_altar, serial_bayou,
          serial_bayou_pond_b, serial_bayou_lagoon_a, serial_bayou_ford_a,
          serial_bayou_pond_b
D:4:      gammafunk_temple_overflow_forgotten, marbit_many_paths, serial_bayou,
          serial_bayou_pond_a, serial_bayou_pond_b, serial_bayou_shore_b,
          serial_bayou_shore_a, portal_sewer_entry_e, uniq_natasha
D:5:      ashenzari_altar_1, kennysheep_little_box,
          lemuel_coloured_pillars_altar, gammafunk_ghost_stat_death
D:6:      slow_altar_2, serial_shops, shop
D:7:      minmay_temple_entry_from_below_a
D:8:      serial_glass, glass_columns_b, glass_columns_b, glass_columns_c,
          glass_columns_b, basic_altar
D:9:      overflow_temple_1_default, dpeg_oklobed_lair,
          minmay_orc_entry_temple_large
D:10:     serial_shops, shop, grunt_tengu_nest
D:11:     minmay_misc_feat_diagonals, minmay_door_square, uniq_nergalle
Lair:1:   uniq_prince_ribbit2, uniq_erica
Lair:2:   minmay_snake_entry_guardpost_small, grunt_megastairs_5,
          uniq_gastronok, uniq_harold
Lair:3:   elwin_shoals_entry_rocks, lab_entry_generic, st_stairs_5,
          guppyfry_lair_drakes, serial_bayou_shore_b
Lab:      labyrinth_watery, lab_hedge, nicolae_lab_do_over, nicolae_lab_hexagon,
          labyrinth_skeletal_remains, nicolae_lab_x, nicolae_lab_very_dead_end,
          nicolae_lab_flowing_pool, nicolae_lab_plus
Sewer:    sewer_kobolds

Skill      XL: |  1  2  3  4  5  6  7  8  9 10 11 12 |
---------------+-------------------------------------+-----
Fighting       | 1 2 3 4 5 |  5.0
Dodging        | 2 3 5 |  5.0
Unarmed Combat | 4 5 7 8 9 10 11 12 13 | 13.5
Transmutations | 3 4 5 7 8 |  8.6
Invocations    | 3 5 |  5.0
Air Magic      | 2 3 |  3.0
Poison Magic   | 2 3 |  3.0
Spellcasting   | |  1.2

Action                   |  1- 3 |  4- 6 |  7- 9 | 10-12 || total
-------------------------+-------+-------+-------+-------++-------
Melee: Unarmed           |   100 |   156 |   351 |   628 ||  1235
       Headbutt          |     4 |     8 |    19 |    29 ||    60
       Kick              |     3 |     7 |    33 |    44 ||    87
       Punch             |       |     2 |    11 |    27 ||    40
 Cast: Beastly Appendage |    17 |    19 |    49 |    56 ||   141
       Poisonous Vapours |       |       |       |    57 ||    57
       Spider Form       |       |       |       |     1 ||     1
Invok: Lesser Healing    |       |       |       |     3 ||     3
       Greater Healing   |       |       |       |     9 ||     9
       Purification      |       |       |       |     4 ||     4
  Use: Scroll            |       |     8 |     9 |    11 ||    28
       Potion            |       |     1 |       |    10 ||    11
 Stab: Sleeping          |       |     1 |       |       ||     1
  Eat: Chunk             |    11 |    20 |    39 |    67 ||   137
       Ration            |       |       |       |     5 ||     5
Armor: Robe              |    37 |    25 |    66 |   206 ||   334
       Skin              |       |    14 |       |       ||    14
Dodge: Dodged            |    46 |    98 |   229 |   526 ||   899

Table legend:
 A = Spawn XP
 B = Non-spawn XP
 C = Spawn XP percentage of total XP
 D = Spawn monster count
 E = Non-spawn monster count
 F = Spawn count percentage of total count
 G = Total turns spent on level
                    A         B        C        D         E        F      G
               +---------+---------+-------+---------+---------+-------+---------
         Total |       0 |   29701 |   0.0 |       0 |     394 |   0.0 | 13055
               +---------+---------+-------+---------+---------+-------+---------
           D:1 |       0 |      30 |   0.0 |       0 |      18 |   0.0 |   518
           D:2 |       0 |      78 |   0.0 |       0 |      15 |   0.0 |   583
           D:3 |       0 |     173 |   0.0 |       0 |      30 |   0.0 |   962
           D:4 |       0 |     929 |   0.0 |       0 |      40 |   0.0 |  1065
           D:5 |       0 |     325 |   0.0 |       0 |      16 |   0.0 |   635
           D:6 |       0 |    1372 |   0.0 |       0 |      40 |   0.0 |   715
           D:7 |       0 |    1104 |   0.0 |       0 |      29 |   0.0 |   996
           D:8 |       0 |     895 |   0.0 |       0 |      17 |   0.0 |   604
           D:9 |       0 |    1697 |   0.0 |       0 |      39 |   0.0 |  1476
          D:10 |       0 |    3291 |   0.0 |       0 |      32 |   0.0 |   991
          D:11 |       0 |    6102 |   0.0 |       0 |      44 |   0.0 |  1130
        Lair:1 |       0 |    4145 |   0.0 |       0 |      20 |   0.0 |  1670
        Lair:2 |       0 |    6905 |   0.0 |       0 |      36 |   0.0 |  1121
        Lair:3 |       0 |     946 |   0.0 |       0 |       1 |   0.0 |    44
           Lab |       0 |    1587 |   0.0 |       0 |       7 |   0.0 |   329
         Sewer |       0 |     122 |   0.0 |       0 |      10 |   0.0 |   216
               +---------+---------+-------+---------+---------+-------+---------

Vault maps used:
D:1:      co_arrival_square_in_a_square_in_a_square, serial_bayou_lake_a
D:2:      zin_statuary, first_ration
D:3:      elyvilon_altar_4, old_standard_altar, serial_bayou,
          serial_bayou_pond_b, serial_bayou_lagoon_a, serial_bayou_ford_a,
          serial_bayou_pond_b
D:4:      gammafunk_temple_overflow_forgotten, marbit_many_paths, serial_bayou,
          serial_bayou_pond_a, serial_bayou_pond_b, serial_bayou_shore_b,
          serial_bayou_shore_a, portal_sewer_entry_e, uniq_natasha
D:5:      ashenzari_altar_1, kennysheep_little_box,
          lemuel_coloured_pillars_altar, gammafunk_ghost_stat_death
D:6:      slow_altar_2, serial_shops, shop
D:7:      minmay_temple_entry_from_below_a
D:8:      serial_glass, glass_columns_b, glass_columns_b, glass_columns_c,
          glass_columns_b, basic_altar
D:9:      overflow_temple_1_default, dpeg_oklobed_lair,
          minmay_orc_entry_temple_large
D:10:     serial_shops, shop, grunt_tengu_nest
D:11:     minmay_misc_feat_diagonals, minmay_door_square, uniq_nergalle
Lair:1:   uniq_prince_ribbit2, uniq_erica
Lair:2:   minmay_snake_entry_guardpost_small, grunt_megastairs_5,
          uniq_gastronok, uniq_harold
Lair:3:   elwin_shoals_entry_rocks, lab_entry_generic, st_stairs_5,
          guppyfry_lair_drakes, serial_bayou_shore_b
Lab:      labyrinth_watery, lab_hedge, nicolae_lab_do_over, nicolae_lab_hexagon,
          labyrinth_skeletal_remains, nicolae_lab_x, nicolae_lab_very_dead_end,
          nicolae_lab_flowing_pool, nicolae_lab_plus
Sewer:    sewer_kobolds

Table legend:
 A = Turns spent in this place as a percentage of turns spent in the entire game.
 B = Non-inter-level travel turns spent in this place as a percentage of non-inter-level travel turns spent in the entire game.
 C = Inter-level travel turns spent in this place as a percentage of turns spent in this place.
 D = Turns resting spent in this place as a percentage of non-inter-level travel turns spent in this place.
 E = Turns spent auto-exploring this place as a percentage of non-inter-level travel turns spent in this place.
 F = Non-inter-level travel turns spent in this place divided by the number of levels of this place that you've seen.
                   A       B       C       D       E      F
               +-------+-------+-------+-------+-------+----------------------
         Total | 100.0 | 100.0 |   5.7 |   4.6 |  68.7 | 769.6
       Dungeon |  74.1 |  73.6 |   6.3 |   4.0 |  70.4 | 824.3
          Lair |  21.7 |  21.9 |   4.7 |   6.3 |  73.0 | 900.7
     Labyrinth |   2.5 |   2.7 |   0.0 |   9.1 |   0.0 | 329.0
         Sewer |   1.7 |   1.8 |   0.0 |   3.7 |  45.4 | 216.0
               +-------+-------+-------+-------+-------+----------------------

Table legend:
 A = Kills in this place as a percentage of kills in entire the game.
 B = Kills by you in this place as a percentage of kills by you in the entire game.
 C = Kills by friends in this place as a percentage of kills by friends in the entire game.
 D = Other kills in this place as a percentage of other kills in the entire game.
 E = Experience gained in this place as a percentage of experience gained in the entire game.
 F = Experience gained in this place divided by the number of levels of this place that you have seen.
                   A       B       C       D       E      F
               +-------+-------+-------+-------+-------+----------------------
         Total | 100.0 | 100.0 |   N/A |   N/A | 100.0 | 1856.3
       Dungeon |  81.2 |  81.2 |   N/A |   N/A |  53.9 | 1454.2
          Lair |  14.5 |  14.5 |   N/A |   N/A |  40.4 | 3998.7
     Labyrinth |   1.8 |   1.8 |   N/A |   N/A |   5.3 | 1587.0
         Sewer |   2.5 |   2.5 |   N/A |   N/A |   0.4 | 122.0
               +-------+-------+-------+-------+-------+----------------------
